 Dungeon Crawl Stone Soup version 0.21.1 (webtiles) character file.

40 letownia2 the Conjurer (level 3, -2/19 HPs)
             Began as a Gargoyle Wizard on Feb 3, 2018.
             Slain by a gnoll
             ... wielding a +0 club
              (4 damage)
             ... on level 2 of the Dungeon.
             The game lasted 00:01:41 (830 turns).

letownia2 the Conjurer (Gargoyle Wizard)             Turns: 830, Time: 00:01:42

Health: -2/19      AC:  7    Str: 11    XL:     3   Next: 50%
Magic:  7/7        EV: 11    Int: 18    God:
Gold:   31         SH:  0    Dex:  8    Spells: 1/8 levels left

rFire    . . .     SeeInvis .   (no weapon)
rCold    . . .     Gourm    .   (no shield)
rNeg     + . .     Faith    .   n - +0 leather armour
rPois    ∞         Spirit   .   b - +0 hat
rElec    +         Reflect  .   (no cloak)
rCorr    .         Harm     .   l - +0 pair of gloves
MR       .....                  (no boots)
Stlth    +.........             (no amulet)
HPRegen  0.06/turn              (no ring)
MPRegen  0.10/turn              (no ring)

@: no status effects
A: negative energy resistance 1, electricity resistance, unbreathing,
petrification resistance, rot immunity, AC +3
a: no special abilities


You were on level 2 of the Dungeon.
You were not hungry.

You visited 1 branch of the dungeon, and saw 3 of its levels.

You collected 31 gold pieces.

Inventory:

Armour
 b - a +0 hat (worn)
 l - a +0 pair of gloves (worn)
 n - a +0 leather armour (worn)
Scrolls
 e - 2 scrolls of teleportation {unknown}
 f - 3 scrolls of identify {unknown}
 g - a scroll of remove curse {unknown}
 h - 3 scrolls of amnesia {unknown}
 o - a scroll of enchant weapon {unknown}
Potions
 i - 3 potions of haste {unknown}
 j - a potion of ambrosia {unknown}
 m - 2 potions of degeneration {unknown}
Books
 c - a book of Minor Magic

   Spells                             Type                      Level
   a - Magic Dart                     Conjuration                  1
   b - Blink                          Translocation                2
   c - Call Imp                       Summoning                    2
   d - Slow                           Hexes                        2
   e - Conjure Flame                  Conjuration/Fire             3
   f - Mephitic Cloud                 Conjuration/Poison/Air       3
Comestibles
 d - a ration
 k - a chunk of flesh


   Skills:
 - Level 1.5 Dodging
 - Level 2.1 Stealth
 - Level 3.0 Spellcasting
 - Level 3.5 Conjurations
   Level 0.8 Summonings
   Level 0.8 Translocations
 + Level 0.1 Fire Magic
 + Level 0.1 Air Magic
 + Level 0.1 Poison Magic


You had one spell level left.
You knew the following spells:

 Your Spells              Type           Power        Failure   Level  Hunger
a - Magic Dart            Conj           ###.         4%          1    None
c - Conjure Flame         Conj/Fire      #.......     30%         3    ###....
e - Mephitic Cloud        Conj/Pois/Air  #.......     36%         3    ###....


Dungeon Overview and Level Annotations

Branches:
Dungeon (3/15)

Altars:
Vehumet

Annotations:
D:2 exclusion: gnoll


Innate Abilities, Weirdness & Mutations

You are resistant to torment.
Your stone body is resilient. (AC +3)
You are immune to poison.
You resist negative energy. (rN+)
You are resistant to electric shocks. (rElec)
You can survive without breathing.
You are immune to petrification.
You are immune to rotting.


Message History

Level annotation: exclusion: gnoll The jackal barks! x2; The goblin shouts!
The gnoll shouts!
A jackal, a hobgoblin and a gnoll come into view.
The hobgoblin shouts!
The gnoll shouts!
The jackal moves out of view.
The gnoll hits you from afar with a spear.
The gnoll hits you with a halberd!
Ouch! That really hurt!
* * * LOW HITPOINT WARNING * * *
The jackal barks!
Found 22 arrows.
A jackal comes into view.
There is a stone staircase leading down here.
Unknown command.
The gnoll hits you from afar with a spear.
* * * LOW HITPOINT WARNING * * *
The gnoll hits you with a halberd.
* * * LOW HITPOINT WARNING * * *
The gnoll hits you with a club.
You die...

#..# ##.#.#
#$#.# .
#.#.#####..
##
#.#........
.h .......(..
##.#g........
#....g.......
#...h@g......
#.####g......
.......
.......
.......
....g..
.......
.......


You could see 3 gnolls, 2 jackals, a hobgoblin and a goblin.

Vanquished Creatures
  3 adders
  A dart slug (D:2)
  2 leopard geckos (D:3)
  A goblin (D:1)
  A hobgoblin (D:1)
  2 frilled lizards (D:2)
  2 kobolds
  A rat (D:2)
13 creatures vanquished.

Notes
Turn   | Place    | Note
-------+----------+-------------------------------------------
     0 | D:1      | letownia2 the Gargoyle Wizard began the quest for the Orb.
     0 | D:1      | Reached XP level 1. HP: 10/10 MP: 4/4
   325 | D:2      | Reached XP level 2. HP: 15/15 MP: 3/6
   665 | D:3      | Reached XP level 3. HP: 18/19 MP: 1/7
   689 | D:1      | Learned a level 3 spell: Mephitic Cloud
   693 | D:1      | Learned a level 3 spell: Conjure Flame
   803 | D:3      | Found a radiant altar of Vehumet.
   830 | D:2      | Slain by a gnoll

Skill      XL: |  1  2 |
---------------+-------+-----
Conjurations   | 2 3 |  3.5
Dodging        | |  1.5
Stealth        | |  2.1
Spellcasting   | |  3.0
Summonings     | |  0.8
Translocations | |  0.8
Fire Magic     | |  0.1
Air Magic      | |  0.1
Poison Magic   | |  0.1

Action                   || total
-------------------------++-------
Melee: Unarmed           ||     4
 Cast: Magic Dart        ||    34
Armor: Robe              ||     1
Dodge: Dodged            ||     3
